 Dungeon Crawl Stone Soup version 0.30-a0-956-gcec3b41aec (webtiles) character file.

Game seed: 11869980777688608425

127 Ahpoh the Trooper (level 5, 0/33 HPs)
             Began as a Gargoyle Cinder Acolyte on Mar 29, 2023.
             Was a High Priest of Ignis.
             Slain by an iguana (10 damage)
             ... on level 3 of the Dungeon.
             The game lasted 00:09:11 (1864 turns).

Ahpoh the Trooper (Gargoyle Cinder Acolyte)         Turns: 1864, Time: 00:09:11

Health: 0/33       AC: 17    Str: 18    XL:     5   Next: 11%
Magic:  0/6        EV:  9    Int: 14    God:    Ignis [*****.]
Gold:   143        SH:  0    Dex:  7    Spells: 6/6 levels left

rFire   + . .      SeeInvis .    a - -1 falchion (flame)
rCold   . . .      Faith    .    (no shield)
rNeg    + + .      Spirit   +    d - +0 scale mail
rPois   ∞          Reflect  .    (no helmet)
rElec   +          Rampage  .    (no cloak)
rCorr   .                        (no gloves)
Will    .....                    (no boots) Stlth
                                 p - amulet of guardian spirit
HPRegen 0.25/turn                n - ring of positive energy
MPRegen 0.10/turn                (no ring)

@: fiery-armoured
A: sickness immunity, AC +4, negative energy resistance 1, electricity
resistance, torment resistance 1, petrification resistance
a: Renounce Religion, Fiery Armour, Foxfire Swarm, Rising Flame


You were on level 3 of the Dungeon.
You worshipped Ignis.
Ignis was extremely pleased with you.
You visited 1 branch of the dungeon, and saw 3 of its levels.

You collected 143 gold pieces.

Inventory:

Hand Weapons
 a - a -1 falchion of flaming (weapon)
Armour
 b - a +0 robe
 d - a +0 scale mail (worn)
 g - a +0 ring mail
Jewellery
 n - a ring of positive energy (left hand)
 p - an amulet of guardian spirit (around neck)
Scrolls
 c - a scroll of poison {unknown}
 e - 2 scrolls of teleportation {unknown}
 h - a scroll of amnesia {unknown}
 j - a scroll of identify {unknown}
 o - a scroll of immolation {unknown}
Potions
 f - a potion of curing {unknown}
 i - a potion of flight {unknown}
 k - a potion of berserk rage {unknown}
 l - 2 potions of attraction {unknown}
 m - a potion of heal wounds {unknown}


   Skills:
 + Level 4.1 Fighting
 + Level 3.8 Long Blades
 + Level 1.1 Armour
 + Level 1.0 Dodging
 + Level 0.1 Stealth
 + Level 1.0 Spellcasting
 + Level 3.4 Fire Magic


You had 6 spell levels left.
You didn't know any spells.
Your spell library contained the following spells:

 Spells                   Type           Power      Damage    Failure   Level
 Scorch                   Fire           20%        2d6       32%         2


Dungeon Overview and Level Annotations

Branches:
Dungeon (3/15)

Altars:

Shops:
D:1 (

Annotations:
D:1 1 transporter


Innate Abilities, Weirdness & Mutations

You are immune to sickness and miasma.
Your stone body is resilient. (AC +4)
You are immune to poison.
You resist negative energy. (rN+)
You are resistant to electric shocks. (rElec)
You are resistant to unholy torment.
You are immune to petrification.


Message History

The iguana hisses angrily.
A bat comes into view.
Found a scroll labelled KONIAXUZXY and a scroll labelled BOGOUT KELESA.
Okay, then.
A protective cloak of flame settles atop you.
The bat barely misses you.
You barely miss the worm. The bat hits you but does no damage.
The bat is burned by your cloak of flames.
You kill the bat!
The bat hits you but does no damage.
The bat is burned by your cloak of flames.
You kill the bat!
The worm barely misses you.
You slash the worm! You burn the worm.
The worm is heavily wounded.
The worm closely misses you.
You hit the worm. You burn the worm.
The worm is severely wounded.
The iguana bites you but does no damage.
The iguana is burned by your cloak of flames.
The iguana is lightly wounded.
You hit the worm. You burn the worm.
You kill the worm!
The iguana hisses menacingly.
The iguana bites you.
You barely miss the ice beast. The iguana completely misses you.
The ice beast hits you. The ice beast freezes you!
The iguana barely misses you. The ice beast hits you.
The ice beast freezes you!
* * * LOW HITPOINT WARNING * * *
The ice beast is burned by your cloak of flames.
The ice beast is lightly wounded.
Okay, then.
The iguana bites you but does no damage.
The iguana is burned by your cloak of flames.
The iguana is moderately wounded.
The ice beast barely misses you. The ice beast attacks as you move away!
The ice beast barely misses you. The iguana bites you!
You die...

#~.#..#.~#
#~..?...~#
#~...?..~#
#~.#..#.~#
#~......~# ~~~..~~
+.#####Yl#####
##........@<..#.
...................
###........>.......
#................
#..#########.....
### #####


You could see an ice beast and an iguana.

Vanquished Creatures
  Terence (D:2)
  4 adders (D:2)
  3 worms
  2 dart slugs (D:1)
  9 ball pythons
  5 bats
  4 endoplasms
  3 giant cockroaches
  3 goblins
  5 hobgoblins
  6 jackals
  5 frilled lizards
  4 kobolds
  3 rats
57 creatures vanquished.

Vanquished Creatures (others)
  2 plants (D:1)
2 creatures vanquished.

Grand Total: 59 creatures vanquished

Notes
Turn   | Place    | Note
-------+----------+-------------------------------------------
     0 | D:1      | Ahpoh the Gargoyle Cinder Acolyte began the quest for the
                  | Orb.
     0 | D:1      | Reached XP level 1. HP: 14/14 MP: 2/2
    19 | D:1      | Found Wekkaff's Antique Weapon Shoppe.
    59 | D:1      | Reached XP level 2. HP: 19/19 MP: 3/3
   473 | D:1      | Reached XP level 3. HP: 23/23 MP: 4/4
   977 | D:2      | Noticed Terence
   986 | D:2      | Killed Terence
   989 | D:2      | Reached XP level 4. HP: 24/29 MP: 5/5
  1159 | D:2      | Reached skill level 4 in Fighting
  1163 | D:2      | Found a faded altar of an unknown god.
  1166 | D:2      | Reached skill level 1 in Armour
  1489 | D:2      | Reached XP level 5. HP: 31/33 MP: 6/6
  1784 | D:2      | Reached skill level 1 in Dodging
  1856 | D:3      | Noticed an ice beast
  1864 | D:3      | Slain by an iguana

Illustrated notes

Levels and vault maps discovered:
D:1:      spicycebolla_arrival_risky_transporter, layout_basic, serial_shops,
          shop, minmay_shallow_snake_nest
D:2:      minmay_diamond_boxcup, layout_basic, basic_ecumenical_altar,
          uniq_terence
D:3:      layout_rooms, mainiacjoe_overflow_surrounded_room,
          kennysheep_generic_room_5

Skill      XL: |  1  2  3  4  5 |
---------------+----------------+-----
Long Blades    | 3 |  3.8
Fighting       | 4 |  4.1
Armour         | 1 |  1.1
Dodging        | 1 |  1.0
Stealth        | |  0.1
Spellcasting   | |  1.0
Fire Magic     | |  3.4

Action                     |  1- 3 |  4- 6 || total
---------------------------+-------+-------++-------
  Melee: Falchion          |   103 |    93 ||   196
         Punch             |     2 |       ||     2
 Invoke: Fiery Armour      |     1 |     1 ||     2
 Armour: Robe              |    17 |       ||    17
         Scale mail        |    37 |    57 ||    94
  Dodge: Dodged            |    62 |    48 ||   110

Table legend: (Time is in decaauts)
 A = Elapsed time spent in this place.
 B = Non-inter-level travel time spent in this place.
 C = Inter-level travel time spent in this place.
 D = Time resting spent in this place.
 E = Time spent auto-exploring this place.
 F = Levels seen in this place.
 G = Mean time per level.
                   A        B        C        D        E       F      G
               +--------+--------+--------+--------+--------+-----+--------+
         Total |   1889 |   1747 |    142 |     59 |   1097 |   3 |  629.7 |
       Dungeon |   1889 |   1747 |    142 |     59 |   1097 |   3 |  629.7 |
               +--------+--------+--------+--------+--------+-----+--------+

Top non-repeatable levels by time:
     D:1: 991 daAuts
     D:2: 875 daAuts
     D:3: 21 daAuts
